 Dungeon Crawl Stone Soup version 0.31-a0-321-g19405a7a6a (webtiles) character file.

Game seed: 10689161059746898300

23 HallandMoats the Trooper (level 2, -5/24 HPs)
             Began as a Mummy Monk on July 18, 2023.
             Slain by an iguana (11 damage)
             ... on level 4 of the Dungeon.
             The game lasted 00:01:23 (1028 turns).

HallandMoats the Trooper (Mummy Monk)               Turns: 1028, Time: 00:01:24

Health: -5/24      AC:  8    Str: 14    XL:     2   Next: 75%
Magic:  2/2        EV:  7    Int:  9    God:
Gold:   67         SH:  0    Dex: 14    Spells: 1/1 levels left

rFire   x . .        a - +0 spear
rCold   + . .        c - orb {light}
rNeg    + + +        f - +0 chain mail
rPois   ∞            (no helmet)
rElec   .            (no cloak)
rCorr   .            (no gloves)
SInv    .            (no boots)
Will    .....        (no amulet) Stlth
                     (no ring)
HPRegen 0.24/turn    (no ring)
MPRegen 0.08/turn

%: faith
@: glowing
A: cold resistance 1, negative energy resistance 3, torment resistance 2, heat
vulnerability 1, no potions, faith
a: no special abilities


You were on level 4 of the Dungeon.
You visited 1 branch of the dungeon, and saw 3 of its levels.

You collected 67 gold pieces.

Inventory:

Hand Weapons
 a - a +0 spear (weapon)
Armour
 c - an orb of light (worn)
 f - a +0 chain mail (worn)
Jewellery
 b - a +6 ring of dexterity
Scrolls
 d - a scroll of immolation {unknown}
 e - a scroll of poison {unknown}
 g - a scroll of revelation {unknown}
 h - a scroll of identify {unknown}
 i - a scroll of blinking {unknown}
 j - a scroll of fog {unknown}
 k - a scroll of teleportation {unknown}


   Skills:
 * Level 3.3 Fighting
 * Level 2.7 Polearms
 + Level 0.5 Armour
 + Level 2.5 Dodging


You had one spell level left.
You didn't know any spells.
Your spell library was empty.

Dungeon Overview and Level Annotations

Branches:
Dungeon (2/15)

Altars:

Annotations:
D:2 Robin


Innate Abilities, Weirdness & Mutations

You are immune to poison.
Your flesh is cold resistant. (rC+)
You are immune to negative energy. (rN+++)
You are immune to unholy pain and torment.
You are vulnerable to heat. (rF-)
You do not drink.
You have a special connection with the divine. (Faith)


Message History

The iguana is moderately wounded.
The iguana closely misses you.
You hit the iguana but do no damage.
The iguana is moderately wounded.
The iguana closely misses you.
You hit the iguana but do no damage.
The iguana is moderately wounded.
The iguana completely misses you.
You hit the iguana.
The iguana is heavily wounded.
The iguana bites you.
You hit the iguana.
The iguana is severely wounded.
The iguana bites you but does no damage.
You hit the iguana but do no damage.
The iguana is severely wounded.
The iguana bites you but does no damage.
You hit the iguana but do no damage.
The iguana is severely wounded.
The iguana bites you but does no damage.
You hit the iguana but do no damage.
The iguana is severely wounded.
The iguana barely misses you.
You hit the iguana but do no damage.
The iguana is severely wounded.
The iguana barely misses you.
You hit the iguana but do no damage.
The iguana is severely wounded.
The iguana bites you.
You hit the iguana but do no damage.
The iguana is severely wounded.
The iguana bites you.
You hit the iguana.
The iguana is severely wounded.
The iguana bites you!
* * * LOW HITPOINT WARNING * * *
You hit the iguana.
The iguana is almost dead.
The iguana bites you!
You die...

#.# (# #.#
.. #.# ..
#.# ... #.#
... #.# #.#
#.# #@# #l#
#.#
#........
.....####
........
..#....##/.
......... .
...........


You could see an iguana.

Vanquished Creatures
  An adder (D:4)
  A giant cockroach (D:1)
  4 goblins
  2 kobolds (D:1)
  A quokka (D:1)
  2 ball pythons (D:1)
  2 frilled lizards (D:1)
  A rat (D:1)
14 creatures vanquished.

Notes
Turn   | Place    | Note
-------+----------+-------------------------------------------
     0 | D:1      | HallandMoats the Mummy Monk began the quest for the Orb.
     0 | D:1      | Reached XP level 1. HP: 18/18 MP: 1/1
   492 | D:1      | Reached XP level 2. HP: 20/24 MP: 2/2
   980 | D:2      | Noticed Robin
   985 | D:2      | You fall into a shaft and drop 2 floors!
  1028 | D:4      | Slain by an iguana

Illustrated notes

Levels and vault maps discovered:
D:1:      dpeg_arrival_rooms_a, layout_basic, minmay_misc_feat_alley,
          minmay_hexomino_r4
D:2:      cheibrodos_fertilizer, layout_rooms, minivault_5, minmay_bisected,
          uniq_robin, uniq_natasha
D:4:      cheibrodos_thug_alley, layout_basic,
          grunt_temple_overflow_lords_of_destruction

Action                     || total
---------------------------++-------
  Melee: Spear             ||    62
 Armour: Chain mail        ||    28
         Robe              ||     1
  Dodge: Dodged            ||    28

Table legend: (Time is in decaauts)
 A = Elapsed time spent in this place.
 B = Non-inter-level travel time spent in this place.
 C = Inter-level travel time spent in this place.
 D = Time resting spent in this place.
 E = Time spent auto-exploring this place.
 F = Levels seen in this place.
 G = Mean time per level.
                   A        B        C        D        E       F      G
               +--------+--------+--------+--------+--------+-----+--------+
         Total |   1026 |   1026 |      0 |      0 |    834 |   3 |  342.0 |
       Dungeon |   1026 |   1026 |      0 |      0 |    834 |   3 |  342.0 |
               +--------+--------+--------+--------+--------+-----+--------+

Top non-repeatable levels by time:
     D:1: 979 daAuts
     D:4: 41 daAuts
     D:2: 4 daAuts
